 Dungeon Crawl Stone Soup version 0.20.1-1-g8b1a95d (webtiles) character file.

78 GenChuck the Shooter (level 4, -5/37 HPs)
             Began as a Centaur Hunter on Oct 24, 2017.
             Killed by divine providence
             ... invoked by an orc priest
              (13 damage)
             ... on level 2 of the Dungeon.
             The game lasted 00:20:21 (1552 turns).

GenChuck the Shooter (Centaur Hunter)               Turns: 1552, Time: 00:20:21

Health: -5/37      AC:  4    Str: 14    XL:     4   Next: 15%
Magic:  4/4        EV:  9    Int: 10    God:
Gold:   137        SH:  0    Dex: 11    Spells: 3/3 levels left

rFire    . . .     SeeInvis .   k - +0 spear
rCold    . . .     Gourm    .   (no shield)
rNeg     . . .     Faith    .   c - +0 leather armour
rPois    .         Spirit   .   (no helmet)
rElec    .         Reflect  .   (no cloak)
rCorr    .         Harm     .   (no gloves)
MR       +....                  (no barding)
Stlth    +.........             (no amulet)
Regen    0.2/turn               p - ring of protection from magic
MPRegen  0.1/turn               (no ring)

@: very quick
A: hooves 3, deformed body, speed 2, tough skin 3
a: no special abilities


You were on level 2 of the Dungeon.
You were not hungry.

You visited 1 branch of the dungeon, and saw 3 of its levels.

You collected 137 gold pieces.

Inventory:

Hand Weapons
 a - a +1 shortbow
 b - a +0 short sword
 k - a +0 spear (weapon)
 r - a +0 whip
 u - a +0 falchion
Missiles
 d - 27 arrows
 w - 4 curare-tipped needles
Armour
 c - a +0 leather armour (worn)
 g - a +0 robe
 o - a +0 leather armour
Jewellery
 p - a ring of protection from magic (left hand)
 t - an uncursed ring of stealth {unknown}
Scrolls
 e - 2 scrolls of remove curse {unknown}
 j - a scroll of noise {unknown}
 l - a scroll of random uselessness {unknown}
 n - 2 scrolls of teleportation {unknown}
 q - a scroll of blinking {unknown}
Potions
 h - a potion of ambrosia
 i - a potion of berserk rage {unknown}
 s - a potion of lignification {unknown}
 v - a potion of curing {unknown}
Comestibles
 f - a bread ration
 m - a royal jelly


   Skills:
 * Level 2.8 Fighting
 * Level 6.3 Bows
 * Level 1.9 Dodging
 + Level 0.9 Stealth


You had 3 spell levels left.
You didn't know any spells.

Dungeon Overview and Level Annotations

Branches:
Dungeon (3/15)

Altars:


Innate Abilities, Weirdness & Mutations

You have hooves in place of feet.
Armour fits poorly on your strangely shaped body.
You cover ground very quickly.
You have extremely tough skin. (AC +3)


Message History

* * * LOW HITPOINT WARNING * * *
You're too confused to move!
The orc priest hits you.
* * * LOW HITPOINT WARNING * * *
The orc hits you but does no damage.
You feel less invigorated.
You feel less confused. The orc priest hits you. The orc barely misses you.
You climb downwards.
The orc barely misses you.
There is a stone staircase leading up here.
The orc hits you with a club.
* * * LOW HITPOINT WARNING * * *
The orc priest closely misses you. The orc hits you but does no damage.
The orc barely misses you.
You climb upwards.
The orc closely misses you. The orc barely misses you.
There is a stone staircase leading down here.
You hit the orc but do no damage. The orc hits you but does no damage.
You hit the orc but do no damage. The orc closely misses you.
The orc priest invokes the aid of Beogh against you.
Beogh smites you!
You die...

###### #....# ####
#####....##...####
#@oog.............
#o#o.....##...#
..o#......#...#
#.#.#..##.....##
#......#.......#
#..##.....##...#####
...#......#.........
#.%...###....#######
....#......#


You could see an orc priest, 4 orcs and a goblin.

Vanquished Creatures
  Jessica (D:2)
  2 adders (D:2)
  3 leopard geckos
  An orc (D:3)
  A hobgoblin (D:2)
  4 jackals (D:2)
  A ball python (D:1)
  3 bats (D:1)
  4 frilled lizards
  A goblin (D:2)
  6 kobolds
  8 rats
35 creatures vanquished.

Notes
Turn   | Place    | Note
-------+----------+-------------------------------------------
     0 | D:1      | GenChuck the Centaur Hunter began the quest for the Orb.
     0 | D:1      | Reached XP level 1. HP: 17/17 MP: 1/1
   712 | D:1      | Reached XP level 2. HP: 24/24 MP: 2/2
   849 | D:1      | Reached skill level 6 in Bows
  1109 | D:2      | Reached XP level 3. HP: 29/30 MP: 3/3
  1492 | D:2      | Noticed Jessica
  1506 | D:2      | Killed Jessica
  1506 | D:2      | Reached XP level 4. HP: 37/37 MP: 4/4
  1552 | D:2      | Killed from afar by an orc priest

Skill      XL: |  1  2 |
---------------+-------+-----
Bows           | 6 |  6.3
Fighting       | |  2.8
Dodging        | |  1.9
Stealth        | |  0.9

Action                   |  1- 3 |  4- 6 || total
-------------------------+-------+-------++-------
Melee: Spear             |     7 |    11 ||    18
       Kick              |     1 |     3 ||     4
 Fire: Shortbow          |   103 |       ||   103
  Use: Potion            |       |     1 ||     1
  Eat: Chunk             |     1 |       ||     1
Armor: Leather armour    |    12 |     8 ||    20
Dodge: Dodged            |    14 |    17 ||    31
